[Event "Team 45 45 League T85"]
[Site "Internet Chess Club"]
[Date "2020.07.10"]
[Round "2"]
[White "ascoli"]
[Black "primerpaso"]
[Result "1-0"]
[WhiteElo "1621"]
[BlackElo "1805"]
[Opening "Réti opening"]
[ECO "A05"]
[Time "14:01:44"]
[TimeControl "2700+45"]

1. Nf3 Nf6 2. g3 d5 3. Bg2 e6 4. O-O Be7 5. d3 O-O 6. Nbd2 b6 7. e4 Bb7 8. Re1
c5 9. c3 dxe4 10. Ng5 Qxd3 11. Ngxe4 Nxe4 12. Nxe4 Qa6 13. Qg4 f5 14. Qh3 fxe4
15. Qxe6+ Rf7 16. Bxe4 Bf8 17. Bxh7+ Kxh7 18. Qxf7 Nc6 19. Re4 Be7 20. Re6 Kh8
21. Bh6 Rg8 22. Bxg7+ {Black resigns} 1-0

[Event "Team 45 45 League T85"]
[Site "Internet Chess Club"]
[Date "2020.07.11"]
[Round "2"]
[White "QuieroAprender"]
[Black "Threehundreds"]
[Result "1/2-1/2"]
[WhiteElo "1656"]
[BlackElo "1569"]
[Opening "Modern defense"]
[ECO "A40"]
[Time "19:31:15"]
[TimeControl "2700+45"]

1. d4 g6 2. Bf4 Nf6 3. e3 Bg7 4. Nf3 O-O 5. Bd3 d5 6. Nbd2 c5 7. c3 Nc6 8. Qc2
b6 9. Ne5 Nxe5 10. Bxe5 c4 11. Be2 Bf5 12. Qd1 Re8 13. g4 Be6 14. h3 Ne4 15.
Bxg7 Kxg7 16. Nf3 Qc7 17. Qc2 b5 18. a3 a6 19. Nd2 Nxd2 20. Kxd2 Qb6 21. f4 Bd7
22. Bf3 e6 23. g5 Rh8 {Game drawn by mutual agreement} 1/2-1/2

[Event "Team 45 45 League T85"]
[Site "Internet Chess Club"]
[Date "2020.07.10"]
[Round "2"]
[White "ChessG2011"]
[Black "julesraider"]
[Result "0-1"]
[WhiteElo "1534"]
[BlackElo "1578"]
[Opening "Caro-Kann: advance variation"]
[ECO "B12"]
[Time "13:00:22"]
[TimeControl "2700+45"]

1. e4 c6 2. d4 d5 3. e5 c5 4. c3 Nc6 5. Nf3 Bg4 6. Be2 cxd4 7. cxd4 Qb6 8. Nc3
e6 9. Rb1 Bxf3 10. Bxf3 Nxd4 11. Be3 Nxf3+ 12. gxf3 Qa6 13. a3 Ne7 14. Qb3 Nc6
15. Nb5 Rc8 16. Rc1 Be7 17. h4 O-O 18. h5 Nxe5 19. Rxc8 Rxc8 20. Bd4 Rc1+ 21.
Kd2 Rxh1 22. Bxe5 Qc6 23. Bc3 Bg5+ 24. Ke2 Qc4+ 25. Qxc4 dxc4 26. Nxa7 Rxh5 27.
Nb5 Bf4 28. a4 Rd5 29. Na7 h5 30. Nc8 Kh7 31. Kf1 Rg5 32. Bb4 h4 33. Nd6 Bxd6
34. Bxd6 Ra5 35. Kg1 Rxa4 36. Kh2 Ra2 37. Be5 b5 38. Bc3 Kh6 39. Bd2+ Kh5 40.
Bc3 g5 41. Kh3 f5 42. Bf6 b4 43. Kg2 Kg6 44. Bh8 Ra5 45. Bd4 Rd5 46. Bh8 e5 47.
Kh2 c3 48. bxc3 bxc3 49. Bxe5 Rxe5 50. Kg2 c2 51. Kh2 c1=Q 52. Kg2 Re1 53. f4 g4
54. Kh2 Rh1+ 55. Kg2 Qf1# {White checkmated} 0-1

[Event "Team 45 45 League T85"]
[Site "Internet Chess Club"]
[Date "2020.07.12"]
[Round "2"]
[White "kidcobra"]
[Black "janh"]
[Result "1-0"]
[WhiteElo "1815"]
[BlackElo "1900"]
[Opening "Caro-Kann defense"]
[ECO "B10"]
[Time "20:12:19"]
[TimeControl "2700+45"]

1. e4 c6 2. Ne2 d5 3. e5 c5 4. d4 Nc6 5. c3 e6 6. Nd2 Qb6 7. Nf3 Nh6 8. Bxh6
gxh6 9. Qd2 Bd7 10. g3 Rc8 11. dxc5 Qc7 12. Bg2 Nxe5 13. Nxe5 Qxe5 14. O-O Bxc5
15. Rfe1 Qf6 16. Nf4 O-O 17. Nh5 Qg6 18. Nf4 Qf6 19. Nh5 Qg6 20. Nf4 Qg5 21. Kh1
Bd6 22. Rg1 Bc6 23. Qe2 Kh8 24. h4 Qe5 25. Qd2 Qf5 26. Kh2 Bxf4 27. Qxf4 Qxf4
28. gxf4 Rg8 29. Bh3 Rg6 30. f5 Rf6 31. fxe6 fxe6 32. Rae1 Bd7 33. Rg2 Rg8 34.
Rxg8+ Kxg8 35. Kg3 Kf7 36. f4 Rg6+ 37. Kf3 Bc6 38. f5 exf5 39. Bxf5 d4+ 40. Kf4
Rf6 41. cxd4 Rd6 42. Rd1 Kg7 43. Ke5 Rd5+ 44. Ke6 Rd8 45. d5 Re8+ 46. Kd6 Rd8+
47. Ke5 Bb5 48. Be6 h5 49. Rg1+ Kh6 50. d6 Re8 51. Kf6 Rf8+ 52. Ke7 Re8+ 53. Kf7
Rd8 54. Rd1 Be2 55. Rd2 Bg4 56. Rf2 {Black resigns} 1-0

[Event "Team 45 45 League T85"]
[Site "Internet Chess Club"]
[Date "2020.07.11"]
[Round "2"]
[White "ElValero"]
[Black "Manas"]
[Result "1/2-1/2"]
[WhiteElo "1692"]
[BlackElo "1694"]
[Opening "Réti opening"]
[ECO "A05"]
[Time "09:01:00"]
[TimeControl "2700+45"]

1. Nf3 Nf6 2. b3 g6 3. Bb2 Bg7 4. g3 O-O 5. Bg2 d5 6. c4 c6 7. O-O Re8 8. d4 Bf5
9. Nh4 Be6 10. Nd2 Nbd7 11. e4 dxe4 12. Nxe4 Nxe4 13. Bxe4 Bh3 14. Re1 e5 15. d5
Nf6 16. dxc6 Nxe4 17. cxb7 Qb6 18. Rxe4 Qxb7 19. Qd5 Qc7 20. c5 Rad8 21. Qc4 Qc6
22. Rae1 Be6 23. Qa4 Qxc5 24. Bxe5 Bd7 25. Qc4 Rxe5 26. Rxe5 Qxc4 27. bxc4 Bxe5
28. Rxe5 Be6 29. c5 Bxa2 30. Re7 Rc8 31. Rxa7 Bd5 32. Ra5 Kf8 33. Ng2 Ra8 34.
Rxa8+ Bxa8 35. Ne1 Ke7 36. f4 Be4 37. Kf2 Ke6 38. Ke3 Kd5 39. c6 Bf5 40. c7 Kc6
41. Kd4 Kxc7 42. Ke5 Kd7 43. Kf6 Be4 44. Kxf7 h5 45. h3 Kd6 46. Kf6 Kd5 47. g4
hxg4 48. hxg4 Kd4 49. Ng2 Bxg2 50. Kxg6 Bh3 51. Kg5 Ke4 52. f5 Ke5 53. f6 Ke6
54. Kg6 Bxg4 55. f7 Bh5+ 56. Kxh5 Kxf7 {Game drawn because neither player has
mating material} 1/2-1/2

[Event "Team 45 45 League T85"]
[Site "Internet Chess Club"]
[Date "2020.07.11"]
[Round "2"]
[White "zappower"]
[Black "andrew37"]
[Result "1-0"]
[WhiteElo "1835"]
[BlackElo "1635"]
[Opening "Sicilian: Najdorf, Opocensky variation"]
[ECO "B92"]
[Time "18:01:56"]
[TimeControl "2700+45"]

1. e4 c5 2. Nf3 d6 3. d4 Nf6 4. Nc3 cxd4 5. Nxd4 a6 6. Be2 e5 7. Nb3 Be7 8. Be3
Be6 9. f3 Nbd7 10. O-O O-O 11. f4 exf4 12. Rxf4 Nb6 13. Nd4 Qc7 14. Nf5 Bxf5 15.
Rxf5 Nc4 16. Bxc4 Qxc4 17. Qf3 Qb4 18. Rb1 Rac8 19. a3 Qc4 20. Rf1 b5 21. Rf4
Qe6 22. Bd4 Rc4 23. Rd1 Rfc8 24. Nd5 Rxc2 25. Bxf6 Bxf6 26. Nxf6+ gxf6 27. Rxf6
Qe7 28. Rfxd6 Qa7+ 29. Kh1 Qf2 30. Qg4+ Kf8 31. Qg5 Re8 32. Rf6 Rd2 33. Rf1 Rxe4
34. R6xf2 Rxf2 35. Qc5+ {Black resigns} 1-0

[Event "Team 45 45 League T85"]
[Site "Internet Chess Club"]
[Date "2020.07.09"]
[Round "2"]
[White "howah45"]
[Black "KidRattler"]
[Result "0-1"]
[WhiteElo "1198"]
[BlackElo "1690"]
[Opening "Pirc defense"]
[ECO "B07"]
[Time "11:00:42"]
[TimeControl "2700+45"]

1. e4 d6 2. d4 Nf6 3. Nc3 e5 4. dxe5 dxe5 5. Qxd8+ Kxd8 6. Nf3 Bd6 7. Bg5 c6 8.
O-O-O Kc7 9. Bc4 Be6 10. Bxe6 fxe6 11. Rd2 h6 12. Bh4 Na6 13. Rhd1 Rad8 14. Bg3
Nc5 15. Bxe5 Ncxe4 16. Nxe4 Bxe5 17. Nxf6 Rxd2 18. Rxd2 Bxf6 19. Nd4 Re8 20. c3
Bg5 {White resigns} 0-1

[Event "Team 45 45 League T85"]
[Site "Internet Chess Club"]
[Date "2020.07.11"]
[Round "2"]
[White "TwoEqualsOne"]
[Black "Ajolote"]
[Result "1-0"]
[WhiteElo "1774"]
[BlackElo "1928"]
[Opening "QGD Slav defense: exchange variation"]
[ECO "D10"]
[Time "21:31:32"]
[TimeControl "2700+45"]

1. d4 d5 2. c4 c6 3. cxd5 cxd5 4. Bf4 Nf6 5. Nc3 g6 6. e3 Bg7 7. Bd3 O-O 8. Nf3
Nc6 9. a3 Nh5 10. Bg5 h6 11. Bh4 Nf6 12. h3 b6 13. O-O Bb7 14. Rc1 Rc8 15. b4
Qd7 16. Bb5 Rfd8 17. Ne5 Qe6 18. Nxc6 Bxc6 19. Ba6 Rc7 20. Bg3 Rcd7 21. Ne2 Ne4
22. Bh2 Rf8 23. Qc2 Bb7 24. Nf4 Qf5 25. Bxb7 Rxb7 26. Qc6 Qd7 27. Qxd5 Nf6 28.
Qxd7 Rxd7 29. Nd3 Nd5 30. Ne5 Rb7 31. Rc2 Bxe5 32. Bxe5 Rd8 33. Rfc1 b5 34. Rc8
Rd7 35. Rxd8+ Rxd8 36. Rc5 {Black resigns} 1-0

[Event "Team 45 45 League T85"]
[Site "Internet Chess Club"]
[Date "2020.07.12"]
[Round "2"]
[White "hipopotamos"]
[Black "elmaestro"]
[Result "1-0"]
[WhiteElo "1658"]
[BlackElo "1668"]
[Opening "Sicilian: Najdorf, Lipnitzky attack"]
[ECO "B86"]
[Time "20:07:22"]
[TimeControl "2700+45"]

1. e4 c5 2. Nf3 d6 3. d4 cxd4 4. Nxd4 Nf6 5. Nc3 a6 6. Bc4 e6 7. O-O Be7 8. f4
O-O 9. Qf3 Qc7 10. Bd3 Nc6 11. Be3 Rb8 12. Rac1 b5 13. e5 Nxd4 14. Bxd4 Bb7 15.
Qh3 dxe5 16. fxe5 Bc5 17. exf6 Bxd4+ 18. Kh1 h6 19. Qg4 Bxf6 20. Rxf6 Kh8 21.
Rcf1 Qe5 22. Rxf7 Rxf7 23. Rxf7 Rd8 24. h3 Kg8 25. Rxb7 Rf8 26. Qe4 {Black
resigns} 1-0

[Event "Team 45 45 League T85"]
[Site "Internet Chess Club"]
[Date "2020.07.10"]
[Round "2"]
[White "unicornbookworm"]
[Black "cayo89"]
[Result "0-1"]
[WhiteElo "1740"]
[BlackElo "1701"]
[Opening "Caro-Kann: advance variation"]
[ECO "B12"]
[Time "20:03:14"]
[TimeControl "2700+45"]

1. e4 c6 2. d4 d5 3. e5 Bf5 4. Nf3 e6 5. Nc3 Nd7 6. Be2 c5 7. Be3 h6 8. Qd2 a6
9. O-O Qc7 10. h3 Be7 11. dxc5 Bxc5 12. Nd4 Ne7 13. Nxf5 Nxf5 14. Bxc5 Qxc5 15.
Bg4 Qd4 16. Qxd4 Nxd4 17. Rac1 Nxe5 18. Be2 Nxe2+ 19. Nxe2 Rc8 20. c3 O-O 21.
Rb1 b5 22. Rfd1 Rfd8 23. Ng3 a5 24. Ne2 b4 25. cxb4 axb4 26. Nd4 Ra8 27. Ra1
Rdc8 28. Kf1 Nc4 29. b3 Ne5 30. Ke2 Rc3 31. Rd2 Kf8 32. Nb5 Rxb3 33. Nd4 Rba3
34. Nb5 R3a5 35. Nd4 Nc4 36. Rc2 R8a6 37. Nb3 Ra3 38. Nc5 Ra7 39. Nd3 b3 40. Rc3
Rxa2+ 41. Rxa2 bxa2 42. Rb3 Ra8 43. Rc3 a1=Q 44. Rc1 Ra2+ 45. Kf3 Qd4 46. Kg3
Qxd3+ 47. Kh2 Qe2 48. Kh1 Qxf2 49. Kh2 Qxg2# {White checkmated} 0-1

[Event "Team 45 45 League T85"]
[Site "Internet Chess Club"]
[Date "2020.07.09"]
[Round "2"]
[White "fireball"]
[Black "Rybo88"]
[Result "1-0"]
[WhiteElo "1537"]
[BlackElo "1468"]
[Opening "French: King's Indian attack"]
[ECO "C00"]
[Time "19:01:17"]
[TimeControl "2700+45"]

1. e4 e6 2. d3 d5 3. Nd2 Nf6 4. g3 c5 5. Bg2 Be7 6. Ngf3 Nc6 7. O-O O-O 8. e5
Nd7 9. Re1 Qc7 10. Qe2 b6 11. Nf1 Ba6 12. Bf4 Rac8 13. h4 Rfd8 14. N1h2 d4 15.
Ng4 Bf8 16. Ng5 Ne7 17. h5 h6 18. Nf3 Bb7 19. Nh4 Nd5 20. Bd2 c4 21. Be4 c3 22.
bxc3 Nxc3 23. Bxc3 Bxe4 24. Qxe4 Qxc3 25. Rac1 Nc5 26. Qf4 Rd5 27. Nf3 b5 28.
Ngh2 Qb2 29. g4 Be7 30. g5 Bxg5 31. Nxg5 hxg5 32. Qxg5 Kh7 33. Ng4 Nd7 34. h6 g6
35. Nf6+ Nxf6 36. Qxf6 Kxh6 37. Kg2 {Black resigns} 1-0

[Event "Team 45 45 League T85"]
[Site "Internet Chess Club"]
[Date "2020.07.12"]
[Round "2"]
[White "Sloggi"]
[Black "MarcB"]
[Result "1/2-1/2"]
[WhiteElo "1978"]
[BlackElo "1897"]
[Opening "QGD semi-Slav"]
[ECO "D43"]
[Time "20:01:23"]
[TimeControl "2700+45"]

1. d4 d5 2. c4 c6 3. Nf3 Nf6 4. Nc3 e6 5. cxd5 exd5 6. Bg5 Be7 7. e3 Bf5 8. Bd3
Ne4 9. Bxe7 Qxe7 10. Qc2 O-O 11. O-O Nd7 12. a3 Ndf6 13. b4 Rfe8 14. Ne5 Nd7 15.
Nxd7 Qxd7 16. Rab1 Bg6 17. Rfc1 Nxc3 18. Qxc3 Bxd3 19. Qxd3 Rac8 20. a4 b6 21.
Rc3 Rc7 22. Rbc1 Rec8 23. h3 Qd6 24. Qb1 a6 25. a5 Rb8 26. axb6 Rxb6 27. Rc5 g6
28. Qd3 Qd7 29. Qa3 Ra7 30. Qa4 Qb7 31. Rxc6 Rxb4 32. Rc8+ Kg7 33. Qe8 Qe7 34.
Qxe7 Rxe7 35. Ra8 Re6 36. Rc5 Rb1+ 37. Kh2 Rb2 38. Kg3 Rf6 39. f3 Re6 40. Ra7
Re2 41. Rxd5 R2xe3 42. Rdd7 Rf6 43. d5 Rd3 44. h4 h5 45. Kh3 Rf5 46. d6 a5 47.
Rd8 Rfd5 48. Rdd7 Rf5 49. Rd8 Rfd5 50. Rdd7 {Game drawn by mutual agreement}
1/2-1/2

[Event "Team 45 45 League T85"]
[Site "Internet Chess Club"]
[Date "2020.07.13"]
[Round "2"]
[White "Ajolote"]
[Black "Tufnell"]
[Result "1-0"]
[WhiteElo "1940"]
[BlackElo "1835"]
[Opening "Sicilian: closed, 6.Be3"]
[ECO "B26"]
[Time "14:00:29"]
[TimeControl "2700+45"]

1. e4 c5 2. Nc3 Nc6 3. g3 g6 4. Bg2 Bg7 5. d3 d6 6. Be3 Rb8 7. Nge2 b5 8. a3 Nd4
9. O-O a5 10. Rb1 b4 11. axb4 axb4 12. Bxd4 cxd4 13. Na4 Bd7 14. b3 e6 15. f4
Ne7 16. Qe1 Qc7 17. Rc1 Bxa4 18. bxa4 O-O 19. Qf2 Qc5 20. g4 f5 21. gxf5 exf5
22. Ng3 d5 23. e5 Ra8 24. Ne2 Nc6 25. c4 {Black resigns} 1-0

[Event "Team 45 45 League T85"]
[Site "Internet Chess Club"]
[Date "2020.07.12"]
[Round "2"]
[White "room-matt"]
[Black "JPSVI"]
[Result "0-1"]
[WhiteElo "1789"]
[BlackElo "1781"]
[Opening "French: Fort Knox variation"]
[ECO "C10"]
[Time "01:04:23"]
[TimeControl "2700+45"]

1. e4 e6 2. d4 d5 3. Nc3 dxe4 4. Nxe4 Bd7 5. Nf3 Bc6 6. Bd3 Nd7 7. Qe2 Ngf6 8.
O-O Nxe4 9. Bxe4 Bxe4 10. Qxe4 c6 11. c4 Nf6 12. Qe3 Bd6 13. h3 O-O 14. Re1 Qc7
15. Qg5 Rac8 16. b3 Rfd8 17. Qh4 Be7 18. Bf4 Qa5 19. Be5 c5 20. a3 Rd7 21. Red1
Rcd8 22. Qg5 Qc3 23. Qe3 Qxe3 24. fxe3 Ne4 25. Kf1 Bf6 26. Bxf6 gxf6 27. Ke1 Kg7
28. g4 Kg6 29. b4 cxd4 30. Rxd4 Rxd4 31. exd4 Ng5 32. Nxg5 Kxg5 33. Rd1 f5 34.
Ke2 fxg4 35. hxg4 Kxg4 36. Rg1+ Kf5 37. Rf1+ Kg6 38. Rg1+ Kf6 39. Ke3 h5 40.
Rf1+ Ke7 41. Rf4 Rh8 42. Rh4 f5 43. a4 Kf6 44. Rh3 h4 45. b5 Kg5 46. a5 Kg4 47.
Rh1 Kh5 48. Kf4 Rd8 49. Ke5 f4 50. Rf1 b6 51. Rxf4 bxa5 52. Rf7 Ra8 53. Rh7+ Kg4
54. Rg7+ Kf3 55. Kxe6 Rh8 56. Rf7+ Ke4 57. d5 h3 58. Rf1 h2 59. Rh1 a4 60. d6
Kf3 61. d7 Kg2 62. Rxh2+ Kxh2 63. c5 a3 64. c6 a2 65. c7 Rh6+ 66. Kd5 Rh5+ 67.
Kc6 a1=Q 68. d8=Q Qh1+ 69. Kd7 Qd5+ {White resigns} 0-1

[Event "Team 45 45 League T85"]
[Site "Internet Chess Club"]
[Date "2020.07.11"]
[Round "2"]
[White "cayo89"]
[Black "ChessPlayer2005"]
[Result "0-1"]
[WhiteElo "1686"]
[BlackElo "1747"]
[Opening "Scotch game"]
[ECO "C45"]
[Time "13:13:07"]
[TimeControl "2700+45"]

1. e4 e5 2. Nf3 Nc6 3. d4 exd4 4. Nxd4 Bc5 5. Be3 Qf6 6. c3 Nge7 7. Bc4 d6 8.
O-O O-O 9. Nxc6 Nxc6 10. Bxc5 dxc5 11. Nd2 Ne5 12. Be2 Ng6 13. g3 Bh3 14. Re1
Rad8 15. Qc2 Nh4 16. Red1 Rxd2 17. Rxd2 Nf3+ 18. Kh1 Nxd2 19. Qxd2 Qxf2 20. Rg1
Bg4 21. Rg2 Bf3 22. Bxf3 Qf1+ 23. Rg1 Qxf3+ 24. Qg2 Qxg2+ 25. Kxg2 Rd8 26. Rf1
Rd2+ 27. Rf2 Rxf2+ 28. Kxf2 f6 29. Ke3 Kf7 30. Kf4 Ke6 31. h4 h5 32. Kf3 Ke5 33.
Ke3 g5 34. Kf3 gxh4 35. gxh4 f5 36. exf5 Kxf5 37. Kg3 Ke4 38. b3 b5 39. a3 a5
40. a4 bxa4 41. bxa4 c4 {White resigns} 0-1

[Event "Team 45 45 League T85"]
[Site "Internet Chess Club"]
[Date "2020.07.13"]
[Round "2"]
[White "janh"]
[Black "Eigeneier"]
[Result "1/2-1/2"]
[WhiteElo "1902"]
[BlackElo "1943"]
[Opening "Queen's pawn game"]
[ECO "D00"]
[Time "20:03:01"]
[TimeControl "2700+45"]

1. d4 Nf6 2. Nc3 d5 3. Bf4 g6 4. e3 Bg7 5. h4 a6 6. h5 Nxh5 7. Rxh5 gxh5 8. Qxh5
e6 9. Qh2 Nc6 10. Bxc7 Qf6 11. Nf3 b5 12. Bf4 Qe7 13. O-O-O Bb7 14. Nd2 Rc8 15.
Nb3 b4 16. Na4 e5 17. dxe5 Nxe5 18. Nbc5 f6 19. Bxe5 fxe5 20. Qh5+ Kd8 21. Nxb7+
Qxb7 22. Qg5+ Ke8 23. Bxa6 Qxa6 24. Qxg7 Rf8 25. Qxe5+ Kf7 26. Qxd5+ Qe6 27. Nb6
Qxd5 28. Rxd5 Rc6 29. Nd7 Ke6 30. Nxf8+ Kxd5 31. Nxh7 Rg6 32. g4 Ke4 33. Kd2 Kf3
34. g5 Kxf2 35. Nf6 Kf3 36. Kd3 Rxg5 37. e4 Ra5 38. Nd5 Rxa2 39. b3 Ra1 40. e5
Rd1+ 41. Kc4 Ke4 42. Nxb4 Kxe5 43. Nd3+ Kd6 44. c3 Kc6 45. Kd4 Rh1 46. c4 Rh4+
47. Kc3 Rh3 48. b4 Kb6 49. b5 Rg3 50. Kd4 Rg4+ 51. Kd5 Rg5+ 52. Ne5 Rh5 53. Kd4
Rh4+ 54. Kc3 Rh1 55. Nd7+ Kc7 56. Nc5 Kb6 57. Kb4 Rh4 58. Na4+ Kc7 59. Nc3 Rg4
60. Kc5 Kb7 61. Nd5 Rh4 62. Kb4 Rg4 63. Nf6 Rf4 64. Ne8 Kb6 65. Nd6 Rg4 66. Nc8+
Kc7 67. Ne7 Kb6 68. Nd5+ Kb7 69. Kc3 Rg3+ 70. Kd4 Rg4+ 71. Kd3 Rg3+ 72. Ne3 Kb6
73. Kd4 Rh3 74. Nd5+ Ka5 75. Kc5 Rh5 76. Kc6 Rh6+ 77. Kc5 Rh5 78. Kc6 Rh6+ 79.
Kc5 Rh5 {Game drawn by repetition} 1/2-1/2

[Event "Team 45 45 League T85"]
[Site "Internet Chess Club"]
[Date "2020.07.11"]
[Round "2"]
[White "filmdirector"]
[Black "primerpaso"]
[Result "1/2-1/2"]
[WhiteElo "1627"]
[BlackElo "1797"]
[Opening "Sicilian: accelerated fianchetto, modern variation"]
[ECO "B34"]
[Time "14:01:13"]
[TimeControl "2700+45"]

1. e4 c5 2. Nc3 Nc6 3. Nf3 g6 4. d4 cxd4 5. Nxd4 Bg7 6. Be3 Nf6 7. Qd2 Ng4 8.
Nxc6 bxc6 9. Bd4 Bxd4 10. Qxd4 O-O 11. e5 d6 12. exd6 exd6 13. O-O-O d5 14. Be2
Nf6 15. h4 Nd7 16. h5 Qf6 17. hxg6 fxg6 18. Bf3 Qxd4 19. Rxd4 Ne5 20. Rdh4 h5
21. Bxh5 gxh5 22. Rxh5 Nf7 23. f3 Ba6 24. g4 Kg7 25. Rh7+ Kg6 26. f4 Rh8 27. f5+
Kf6 28. Nd1 Rxh7 29. Rxh7 Rg8 30. Nf2 Rg7 31. Rxg7 Kxg7 32. Kd2 Kf6 33. Ke3 Ke5
34. b3 Ng5 35. b4 d4+ 36. Kd2 Ne4+ 37. Nxe4 Kxe4 38. c3 d3 39. f6 Bc4 40. a4 Ke5
41. g5 Ke6 42. Ke3 a6 43. Kd2 Kf7 44. Ke3 Kg6 45. Kd2 Kf7 46. Ke3 Kg6 47. Kd2
Bb3 48. a5 Kxg5 49. f7 Bxf7 50. Kxd3 Kf6 51. Kd4 Ke7 52. Kc5 Kd7 53. c4 Kc7 54.
b5 axb5 55. cxb5 cxb5 56. Kxb5 Bd5 {Game drawn by mutual agreement} 1/2-1/2

[Event "Team 45 45 League T85"]
[Site "Internet Chess Club"]
[Date "2020.07.10"]
[Round "2"]
[White "KidRattler"]
[Black "ElValero"]
[Result "0-1"]
[WhiteElo "1673"]
[BlackElo "1692"]
[Opening "Queen's bishop game"]
[ECO "A45"]
[Time "09:00:51"]
[TimeControl "2700+45"]

1. d4 Nf6 2. Bf4 d5 3. Nf3 g6 4. e3 Bg7 5. h3 O-O 6. Bd3 c5 7. c3 Qb6 8. Qb3 c4
9. Qxb6 axb6 10. Bc2 Nc6 11. Nbd2 b5 12. O-O Bf5 13. Bxf5 gxf5 14. Ne5 Nxe5 15.
Bxe5 Ne4 16. Nxe4 fxe4 17. Bxg7 Kxg7 18. f4 f5 19. Kh2 Ra6 20. Rg1 h5 21. g4
hxg4 22. hxg4 Rh8+ 23. Kg2 Rah6 24. Kf2 Rh2+ 25. Rg2 fxg4 26. b4 R8h3 27. Rg1
Rf3+ 28. Ke2 Rxg2+ 29. Rxg2 g3 30. Rg1 Kf6 31. Rf1 Rxf1 32. Kxf1 Kf5 33. Kg2 Kg4
34. f5 Kh4 35. Kg1 Kh3 36. Kh1 Kh4 37. Kg1 Kg5 38. Kg2 Kg4 39. a3 b6 40. Kg1 Kf3
41. Kf1 Kxe3 42. f6 exf6 43. a4 bxa4 44. b5 a3 45. Ke1 g2 46. Kd1 g1=Q+ 47. Kc2
Qf2+ 48. Kc1 Qd2+ 49. Kb1 Qb2# {White checkmated} 0-1

[Event "Team 45 45 League T85"]
[Site "Internet Chess Club"]
[Date "2020.07.08"]
[Round "2"]
[White "Gojira"]
[Black "QuieroAprender"]
[Result "0-1"]
[WhiteElo "1587"]
[BlackElo "1690"]
[Opening "Queen's pawn game"]
[ECO "A45"]
[Time "20:10:25"]
[TimeControl "2700+45"]

1. d4 Nf6 2. Nc3 g6 3. Bf4 Bg7 4. e4 d6 5. Qd2 O-O 6. Be2 a5 7. h4 c5 8. dxc5
dxc5 9. O-O-O Qxd2+ 10. Rxd2 Nc6 11. f3 Nh5 12. Bc7 Bh6 13. Na4 Bxd2+ 14. Kxd2
Bd7 15. Nb6 Rad8 16. Bxd8 Rxd8 17. Nxd7 Rxd7+ 18. Kc3 Nf4 19. g3 Nxe2+ 20. Nxe2
b5 21. b3 b4+ 22. Kb2 Rd2 23. Re1 Ne5 24. Nc1 Nxf3 25. Re3 Nd4 26. Rd3 Rxc2+ 27.
Kb1 Rg2 28. Re3 Nb5 29. Ne2 Rxe2 30. Rxe2 Nc3+ 31. Kc2 Nxe2 32. Kd3 Nxg3 33. Kc4
Nxe4 34. Kd5 f5 {White resigns} 0-1

[Event "Team 45 45 League T85"]
[Site "Internet Chess Club"]
[Date "2020.07.12"]
[Round "2"]
[White "kabindra"]
[Black "evan7284"]
[Result "1/2-1/2"]
[WhiteElo "1709"]
[BlackElo "1660"]
[Opening "Two knights defense"]
[ECO "C55"]
[Time "15:00:42"]
[TimeControl "2700+45"]

1. e4 e5 2. Bc4 Nc6 3. Nf3 Nf6 4. d4 exd4 5. O-O d6 6. Nxd4 Nxd4 7. Qxd4 Be7 8.
Bg5 O-O 9. Nc3 Bd7 10. Rad1 Bc6 11. e5 dxe5 12. Qxe5 Bd6 13. Qf5 Bd7 14. Qd3 Bc6
15. Qh3 Qd7 16. Qh4 Qg4 17. f3 Qxh4 18. Bxh4 Bc5+ 19. Kh1 Nd7 20. Ne4 Bb6 21.
Bg3 Rfe8 22. Rfe1 h6 23. b4 a6 24. Bb3 Re7 25. c4 Rae8 26. c5 Ba7 27. Bxc7 Bb8
28. Bd6 Bxd6 29. cxd6 Re5 30. Rf1 Bb5 31. Rg1 Bc6 32. Rgf1 Bb5 33. Rf2 Kf8 34.
Kg1 f5 35. Ng3 Re1+ 36. Rxe1 Rxe1+ 37. Nf1 Ne5 38. g3 Bxf1 39. Rxf1 Nxf3+ 40.
Kf2 Rxf1+ 41. Kxf1 Nd2+ 42. Ke2 Nxb3 43. axb3 Ke8 44. Kf3 Kd7 45. Kf4 Kxd6 46.
Kxf5 Ke7 47. Kg6 Kf8 48. h4 b6 49. g4 Kg8 50. h5 Kf8 51. g5 hxg5 52. Kxg5 Kf7
53. Kf5 b5 54. Ke5 Ke7 55. Kf5 Kf7 56. Kg5 Ke7 57. Kg6 Kf8 58. Kf5 Kf7 59. Ke5
Ke7 {Game drawn by mutual agreement} 1/2-1/2

[Event "Team 45 45 League T85"]
[Site "Internet Chess Club"]
[Date "2020.07.14"]
[Round "2"]
[White "RD1974"]
[Black "VictorRed"]
[Result "0-1"]
[WhiteElo "1519"]
[BlackElo "1570"]
[Opening "Caro-Kann: Panov-Botvinnik attack, 5...e6"]
[ECO "B14"]
[Time "17:00:57"]
[TimeControl "2700+45"]

1. d4 c6 2. e4 d5 3. exd5 cxd5 4. c4 e6 5. Nc3 Nf6 6. Nf3 Be7 7. Be3 O-O 8. c5
Nc6 9. a3 Ne4 10. Qc2 f5 11. Be2 Bf6 12. O-O f4 13. Bxf4 Bxd4 14. Be3 Bxe3 15.
fxe3 Nxc5 16. b4 Nd7 17. Bd3 h6 18. Nd4 Rxf1+ 19. Rxf1 Nf6 20. Bg6 Ne5 21. Nf3
Nc4 22. Qd3 Qb6 23. Nd1 Bd7 24. Nd2 Ne5 25. Qb1 Nxg6 26. Qxg6 e5 27. Rf3 Be8 28.
Qf5 Bh5 29. Rf1 Bxd1 30. Rxd1 Qxe3+ 31. Kh1 Qe2 32. Qc2 Ne4 33. h3 Nf2+ {White
resigns} 0-1

[Event "Team 45 45 League T85"]
[Site "Internet Chess Club"]
[Date "2020.07.09"]
[Round "2"]
[White "Yedixon"]
[Black "cayo89"]
[Result "1/2-1/2"]
[WhiteElo "1608"]
[BlackElo "1681"]
[Opening "French defense, Steiner variation"]
[ECO "A13"]
[Time "19:41:45"]
[TimeControl "2700+45"]

1. c4 e6 2. e4 d5 3. cxd5 exd5 4. exd5 Nf6 5. Nc3 Nxd5 6. Bc4 Be6 7. Qb3 Nxc3 8.
Bxe6 Qe7 9. dxc3 Qxe6+ 10. Qxe6+ fxe6 11. Nf3 Nc6 12. O-O h6 13. Re1 Kf7 14. Be3
Bd6 15. Re2 Rhe8 16. Rae1 Rad8 17. Bd4 b6 18. b4 b5 19. h4 a6 20. h5 a5 21. a3
axb4 22. axb4 Bxb4 23. Rb1 Bd6 24. Rxb5 Nxd4 25. Nxd4 Ra8 26. Rb1 Reb8 27. Rbe1
e5 28. Nc6 Rb5 29. Nxe5+ Bxe5 30. Rxe5 Rxe5 31. Rxe5 Ra1+ 32. Kh2 Rd1 33. Rc5
Rd7 34. g4 Re7 35. Kg3 Rd7 36. f4 Rd3+ 37. Kh4 Rd7 38. g5 hxg5+ 39. Kxg5 Re7 40.
Rf5+ Kg8 41. h6 gxh6+ 42. Kxh6 Re6+ 43. Kh5 Rc6 44. Rg5+ Kf7 45. Rg3 Rc4 46. Rf3
Kf6 47. Kg4 Re4 48. Rd3 Rc4 49. Kf3 Kf5 50. Rd5+ Kf6 51. Rd3 Kf5 52. Rd5+ {Game
drawn by mutual agreement} 1/2-1/2

[Event "Team 45 45 League T85"]
[Site "Internet Chess Club"]
[Date "2020.07.11"]
[Round "2"]
[White "liujf"]
[Black "ascoli"]
[Result "1/2-1/2"]
[WhiteElo "1644"]
[BlackElo "1622"]
[Opening "King's Indian: fianchetto, Uhlmann (Szabo) variation"]
[ECO "E62"]
[Time "15:01:24"]
[TimeControl "2700+45"]

1. d4 Nf6 2. c4 g6 3. Nf3 Bg7 4. g3 O-O 5. Bg2 Nc6 6. Nc3 d6 7. O-O e5 8. d5 Nb8
9. e4 a5 10. b3 Na6 11. Bb2 Nc5 12. Qe2 Nh5 13. Nd2 f5 14. exf5 Bxf5 15. Nce4
Nxe4 16. Nxe4 Nf6 17. Nxf6+ Bxf6 18. f4 exf4 19. Bxf6 Qxf6 20. gxf4 a4 21. Rae1
a3 22. Qe7 Qd4+ 23. Qe3 Qxe3+ 24. Rxe3 Rae8 25. Rfe1 Rxe3 26. Rxe3 Bb1 27. Be4
Bxa2 28. Bc2 Rxf4 29. Re1 Rf3 30. Ra1 Bxb3 31. Rxa3 Bxc2 32. Rxf3 c6 33. dxc6
bxc6 34. Rf6 d5 35. Rxc6 dxc4 36. Rxc4 Bb3 37. Rc7 Be6 38. Kf2 h5 39. Kg3 Bf5
40. Kf4 Kf8 41. Kg5 Kg8 42. h4 Kh8 43. Kh6 Kg8 44. Rg7+ Kh8 45. Ra7 Kg8 46. Rh7
Kf8 47. Rg7 Bb1 48. Ra7 Bf5 49. Kg5 Kg8 50. Kf6 Kh8 {Game drawn by mutual
agreement} 1/2-1/2